Workbook
Name Decision: [1]lista!$A$6:$A$7
Name Decision: [2]lista!$A$6:$A$7
Name PARTICIPACION: [1]lista!$A$15:$A$17
Name PARTICIPACION: [2]lista!$A$15:$A$17
Name Procedencia: [1]lista!$A$2:$A$3
Name Procedencia: [2]lista!$A$2:$A$3
Name tipo: [1]lista!$A$11:$A$13
Name tipo: [2]lista!$A$11:$A$13
Name x: [3]lista!$A$11:$A$13
Name x: [4]lista!$A$11:$A$13

Sheet COTIZACION
B10: SOLICITUD DE COTIZACION ALMACENAMIENTO SAN
B12: EMPRESA | F12: NIT: | I12: FECHA:
B13: CONTACTO | F13: CARGO: | I13: CELULAR:
B14: E-MAIL: | F14: DIRECCIÓN: | I14: TEL. FIJO:
B16: Instrucciones para el diligenciamiento del formato de cotización
B17: • Por favor diligenciar solo las celdas en AMARILLO. Se deben llenar todas las casillas. • Revisar todos los requerimientos que se exponen en el documento "Ficha de Condiciones Técnicas" y Anexos; y formular su cotización en concordancia con este. • Asignar precio sin incluir el IVA en las celdas de las columna "H" y asignar la tarifa de IVA que corresponda en las celdas de la columna "G" • El valor de la cotización deber ser expresado en PESOS COLOMBIANOS. • Los valores unitarios deberán aproximarse por exceso o por defecto al entero más cercano. Si la cifra no está aproximada y aparece con centavos, el ICBF aproximará al entero inferior. • No modificar, agregar o quitar ningún ítem o sub-ítem.
B19: Item | C19: Elementos o Servicios | F19: Unidades | G19: Tarifa IVA | H19: Valor unitario sin IVA | I19: Valor unitario IVA incluido | J19: Valor total sin IVA | K19: Valor Toal IVA incluido
B20: 1 | C20: Solución de respaldo basada en tecnología de discos duros con deduplicación en línea (en terabytes) | F20: 1 | I20: =+ROUND(H20*(1+$G20),0) -> 0 | J20: =+ROUND(F20*H20,0) -> 0 | K20: =+ROUND(F20*J20*(1+$G20),0) -> 0
B21: 2 | C21: Servicio de migración plataforma de Networker | F21: 1 | I21: =+ROUND(H21*(1+$G21),0) -> 0 | J21: =+ROUND(F21*H21,0) -> 0 | K21: =+ROUND(F21*J21*(1+$G21),0) -> 0
B22: 3 | C22: Servicio de cambio de licenciamiento de Networker | F22: 1 | I22: =+ROUND(H22*(1+$G22),0) -> 0 | J22: =+ROUND(F22*H22,0) -> 0 | K22: =+ROUND(F22*J22*(1+$G22),0) -> 0
B23: 4 | C23: Disco Sata | F23: 13 | I23: =+ROUND(H23*(1+$G23),0) -> 0 | J23: =+ROUND(F23*H23,0) -> 0 | K23: =+ROUND(F23*J23*(1+$G23),0) -> 0
B24: 5 | C24: Disco Fiber Channel | F24: 15 | I24: =+ROUND(H24*(1+$G24),0) -> 0 | J24: =+ROUND(F24*H24,0) -> 0 | K24: =+ROUND(F24*J24*(1+$G24),0) -> 0
B25: 6 | C25: Servicio de renovación soporte 7x24 Networker | F25: 1 | I25: =+ROUND(H25*(1+$G25),0) -> 0 | J25: =+ROUND(F25*H25,0) -> 0 | K25: =+ROUND(F25*J25*(1+$G25),0) -> 0
B26: 7 | C26: Servicio de Soporte 7x24 SAN | F26: 1 | I26: =+ROUND(H26*(1+$G26),0) -> 0 | J26: =+ROUND(F26*H26,0) -> 0 | K26: =+ROUND(F26*J26*(1+$G26),0) -> 0
B27: 8 | C27: Servicio de Soporte 7x24 NAS | F27: 1 | I27: =+ROUND(H27*(1+$G27),0) -> 0 | J27: =+ROUND(F27*H27,0) -> 0 | K27: =+ROUND(F27*J27*(1+$G27),0) -> 0
B28: 9 | C28: Servicio de Soporte 7x24 AVAMAR | F28: 1 | I28: =+ROUND(H28*(1+$G28),0) -> 0 | J28: =+ROUND(F28*H28,0) -> 0 | K28: =+ROUND(F28*J28*(1+$G28),0) -> 0
B29: 10 | C29: Biblioteca de cintas modular escalable (librería) | F29: 1 | I29: =+ROUND(H29*(1+$G29),0) -> 0 | J29: =+ROUND(F29*H29,0) -> 0 | K29: =+ROUND(F29*J29*(1+$G29),0) -> 0
H30: Subtotal | I30: =SUM(I20:I29) -> 0 | J30: =SUM(J20:J29) -> 0 | K30: =SUM(K20:K29) -> 0
B32: La presente cotización:
B33: • Incluye todos los costos y gastos directos e indirectos en que debe incurrir el contratista durante la ejecución del contrato de acuerdo con las especificaciones de la Ficha de Condiciones Técnicas, las obligaciones tributarias de acuerdo con las normas aplicables para el tipo de servicio y contrato correspondiente, y los costos de las pólizas. • Se remite como parte del estudio de mercado, previo a la contratación, y no implica ninguna obligación de contratar. • Tiene una vigencia de 90 dias a partir de la fecha de diligenciamiento.
B34: Inscripción en el Registro Único de Proponentes: Las personas naturales y jurídicas, nacionales o extranjeras, con domicilio en Colombia, interesadas en participar en procesos de contratación convocados por las entidades estatales, deben estar inscritas en el RUP, salvo las excepciones previstas de forma taxativa en la ley (Artículo 8 del Decreto 1510 de 2013). Se aclara que esta inscripción no se requiere para remitir cotización durante el estudio de mercado.

Sheet INFO GENERAL Y FINANCIERA
B8: Formato Información General Y Financiera De Proveedores
B10: Ciudad | M10: Fecha Dd/mm/aa | AD10: Persona Natural
AD11: Persona Jurídica
B12: 1. Información General
B13: 1.1. Identificación.
B14: Personas naturales | F14: Nombre Comercial | U14: Nombres y Apellidos | AK14: Cédula
B16: Personas jurídicas | F16: Razón Social | U16: NIT | AK16: DV
B18: Dirección | U18: Teléfono | AD18: Fax | AK18: Ciudad
B20: Pagina Web | U20: Años de Constitución | AD20: Sector al que pertenece
B22: 1.2. Personas De Contacto
B23: Gerente General | K23: E-mail | U23: Teléfono | AD23: Ext. | AK23: Celular
B25: Director Comercial | K25: E-mail | U25: Teléfono | AD25: Ext. | AK25: Celular
B27: Asesor Comercial | K27: E-mail | U27: Teléfono | AD27: Ext. | AK27: Celular
B29: 1.3. Productos Y Servicios Inscritos En El Rup De Acuerdo Con El Unspsc
B30: Incluir Listado Con Breve Descripción De Los Productos Y/o Servicios Que Ofrece La Compañía, Registrados En El Rup (agregue Las Filas Necesarias) | AK30: Código de Naciones Unidas
B36: 1.4. Códigos CIIU | AK36: 1.5. Número De Empleados
B37: Código De Actividad | F37: Descripción Actividad Económica CIIU | AD37: Tarifa ICA
B41: 2. Información Financiera
B42: Nombre Del Indicador | J42: Cuenta | R42: Valores En Pesos a Diciembre 31 De 2013 | Y42: Valores En Pesos a Diciembre 31 De 2014 | AF42: Indicador 2013 | AJ42: Indicador 2014 | AN42: Veces- Porcentaje
B43: Capacidad Financiera | D43: índice De Liquidez | J43: Activo Corriente --> | AF43: =+IFERROR(R43/R44,0) -> 0 | AJ43: =+IFERROR(Y43/Y44,0) -> 0 | AN43: Veces
J44: Pasivo Corriente -->
D45: Índice De Endeudamiento | J45: Pasivo Total--> | AF45: =+IFERROR(R45/R46,0) -> 0 | AJ45: =+IFERROR(Y45/Y46,0) -> 0 | AN45: Porcentaje
J46: Activo Total-->
D47: Razón De Cobertura De Intereses | J47: Utilidad Operacional--> | AF47: =+IFERROR(R47/R48,0) -> 0 | AJ47: =+IFERROR(Y47/Y48,0) -> 0 | AN47: Veces
J48: Gastos De Interés-->
D49: Capital de Trabajo | J49: Activo Corriente--> | AF49: =+R49-R50 -> 0 | AJ49: =+Y49-Y50 -> 0 | AN49: Pesos
J50: Pasivo corriente-->
B51: Capacidad Organizacional | D51: Rentabilidad Del Patrimonio | J51: Utilidad Operacional--> | AF51: =+IFERROR(R51/R52,0) -> 0 | AJ51: =+IFERROR(Y51/Y52,0) -> 0 | AN51: Porcentaje
J52: Patrimonio-->
D53: Rentabilidad Del Activo | J53: Utilidad Operacional--> | AF53: =+IFERROR(R53/R54,0) -> 0 | AJ53: =+IFERROR(Y53/Y54,0) -> 0 | AN53: Porcentaje
J54: Activo Total-->
B55: Nota: Para las empresas inspeccionadas, vigiladas o controladas por la Supersociedades, la información consignada en este numeral será validada con la reportada a la Supersociedades y disponible para consulta en Internet mediante el Sistema de Información y Riesgo Empresarial de la Supersociedades (SIREM). Si se evidencian diferencias en los valores consignados en este formato y los reportados a la Supersociedades se tomará como referencia la información del SIREM.
B56: Otra información relevante de la empresa (consigne en este espacio otra información que considere de interés)

Sheet INFO EXPERIENCIA
B8: EXPERIENCIA EN CONTRATACION EN LOS ULTIMOS 5 AÑOS
B9: EXPERIENCIA EN CONTRATACIÓN EN LOS ÚLTIMOS 5 AÑOS
B11: Empresa: | C11: =COTIZACION!C12:F12 -> 0 | F11: Nit: | G11: =COTIZACION!I12:I12 -> FECHA: | I11: Fecha:
B12: Contacto: | C12: =COTIZACION!C13:F13 -> 0 | F12: Cargo: | G12: =COTIZACION!I13:I13 -> CELULAR: | I12: Tel. celular:
B13: E-Mail: | C13: =COTIZACION!C14:F14 -> 0 | F13: Dirección: | G13: =COTIZACION!I14:I14 -> TEL. FIJO: | I13: Tel. fijo:
B15: Con el fin de conocer la experiencia con la que cuentan las empresas del sector relacionada con el objeto del presente estudio de mercado, agradecemos diligenciar el cuadro que sigue con base en los contratos suscritos en los últimos 5 años, cuyos objetos están relacionados con el objeto del presente estudio de mercado
B17: Tipo de entidad | C17: Entidad o Empresa | D17: Numero del contrato | E17: Objeto del contrato | F17: Fecha de suscripción (dd/mmm/aa) | G17: Plazo de ejecución (en años) | H17: Forma de participación (UT, consorcio, individual) | I17: % de participación | J17: Valor total ejecutado del contrato (de acuerdo con el % de participación)
B29: Nota: Agregar las filas necesarias para reportar la experiencia

Sheet POLIZAS
B8: CONCEPTOS A TENER EN CUENTA PARA REALIZAR LA COTIZACIÓN DE DOTACIÓN INDUSTRIAL
B11: El presente cuadro es de carácter informativo, no se debe diligenciar. Sin embargo se entiende que la cotización incluye la totalidad de los conceptos relacionados a continuación.
B13: PÓLIZAS PARA LEGALIZACIÓN DEL CONTRATO
B15: CONCEPTO | D15: COBERTURA | E15: PLAZO (En Meses)
B16: Garantía de Seriedad de la oferta | D16: 0.1 | E16: Plazo de Ejecución
B17: Cumplimiento | D17: 0.2 | E17: Plazo de ejecución + 4 meses mas
B18: Salarios, Prestaciones | D18: 0.1 | E18: Plazo de ejecución + 36 meses mas
B19: Calidad de los Servicios | D19: 0.2 | E19: Plazo de ejecución + 4 meses mas
B20: Responsabilidad civil extracontractual | D20: 0.1 | E20: Plazo de Ejecución
B21: Cobertura: Corresponde al porcentaje del valor total del contrato a amparar.
